 Dungeon Crawl Stone Soup version 0.29-a0-892-g2c4c91d9db (webtiles) character file.

Game seed: 15936410056794088582

63840 jimonade the Thaumaturge (level 15, -7/115 HPs)
             Began as a Gnoll Hedge Wizard on July 22, 2022.
             Was a High Priest of Okawaru.
             Killed from afar by an eleionoma (22 damage)
             ... with a spray of wooden splinters
             ... on level 2 of the Lair of Beasts.
             The game lasted 01:53:57 (36591 turns).

jimonade the Thaumaturge (Gnoll Hedge Wizard)      Turns: 36591, Time: 01:53:58

Health: -7/115     AC: 34    Str: 14    XL:     15   Next: 11%
Magic:  29/31      EV: 13    Int: 17    God:    Okawaru [*****.]
Gold:   2183       SH: 18    Dex: 13    Spells: 29/38 levels left

rFire   + + +      SeeInvis +   a - +9 short sword of Lexih {spect, SInv}
rCold   x . .      Faith    .   g - +0 tower shield
rNeg    . . .      Spirit   .   G - +6 fire dragon scales of Submission {rPois rF++ rC- Dex+2}
rPois   +          Reflect  .   r - +0 helmet
rElec   .          Harm     .   C - +1 cloak {rF+}
rCorr   .          Rampage  .   H - +1 pair of gloves
Will    +....                   m - +2 pair of boots
Stlth   ++++......              (no amulet)
HPRegen 0.29/turn               R - ring of protection from fire
MPRegen 0.22/turn               X - +4 ring of protection

@: heroic, finesse-ful
A: fangs 1, strong nose, distributed training
a: Renounce Religion, Heroism, Finesse, Duel


You were on level 2 of the Lair of Beasts.
You worshipped Okawaru.
Okawaru was extremely pleased with you.
You visited 4 branches of the dungeon, and saw 19 of its levels.
You also visited: Bailey and Volcano.

You collected 2250 gold pieces.
You spent 67 gold pieces at shops.

Inventory:

Hand Weapons
 a - the +9 short sword of Lexih (weapon) {spect, SInv}
   (Okawaru gifted it to you on level 1 of the Lair of Beasts)

   When its wielder attacks, the weapon's spirit leaps out and strikes again.
   The spirit shares a part of any damage it takes with its wielder.
   SInv:      It lets you see invisible.
 O - a +2 demon blade of flaming
 T - a +2 antimagic trident
Missiles
 c - 12 atropa-tipped darts
 i - 15 javelins
 k - 3 silver javelins
 l - a curare-tipped dart
 s - 29 poisoned darts (quivered)
 B - 12 datura-tipped darts
 E - 3 throwing nets
 K - 4 silver boomerangs
 V - 3 boomerangs of dispersal
Armour
 g - a +0 tower shield (worn)
 m - a +2 pair of boots (worn)
 n - a +2 robe of willpower
 r - a +0 helmet (worn)
 v - a +0 robe of cold resistance
 C - a +1 cloak of fire resistance (worn)
 D - a +2 robe of the Archmagi
 G - the +6 fire dragon scales of Submission (worn) {rPois rF++ rC- Dex+2}
   (You found it in a volcano)

   Dex:       It affects your dexterity (+2).
   rF:        It greatly protects you from fire.
   rC:        It makes you vulnerable to cold.
   rPois:     It protects you from poison.
 H - a +1 pair of gloves (worn)
 P - a +1 chain mail of fire resistance
 W - a scarf of invisibility
Magical Staves
 b - a staff of conjuration
 e - a staff of fire
 Z - a staff of poison
Jewellery
 y - a ring of resist corrosion
 Q - a ring of poison resistance
 R - a ring of protection from fire (left hand)
 X - a +4 ring of protection (right hand)
Wands
 f - a wand of polymorph (2)
 q - a wand of roots (4)
 J - a wand of digging (1)
 U - a wand of mindburst (16)
Scrolls
 o - a scroll of fear
 u - 6 scrolls of enchant armour
 x - 7 scrolls of teleportation
 z - 2 scrolls of magic mapping
 F - a scroll of amnesia
 N - a scroll of identify
 Y - 3 scrolls of blinking
Potions
 d - 3 potions of magic
 h - 3 potions of heal wounds
 j - 5 potions of berserk rage
 p - 6 potions of brilliance
 t - a potion of cancellation
 A - 6 potions of curing
 I - 3 potions of mutation
 L - 7 potions of haste
 M - a potion of ambrosia
 S - a potion of might
Miscellaneous
 w - a lightning rod (2/4)


   Skills:
 + Level 10.1(15.1) Fighting
 + Level 10.1(15.1) Short Blades
 + Level 10.1(15.1) Long Blades
 + Level 10.1(15.1) Axes
 + Level 10.1(15.1) Maces & Flails
 + Level 10.1(15.1) Polearms
 + Level 10.1(15.1) Staves
 + Level 10.1(15.1) Ranged Weapons
 + Level 10.1(15.1) Throwing
 + Level 10.1(15.1) Armour
 + Level 11.1(16.1) Dodging
 + Level 11.0(16.0) Stealth
 + Level 10.1(15.1) Shields
 + Level 10.1(15.1) Unarmed Combat
 + Level 12.3 Spellcasting
 + Level 8.8 Conjurations
 + Level 8.5 Hexes
 + Level 8.8 Summonings
 + Level 8.5 Necromancy
 + Level 8.8 Translocations
 + Level 8.5 Transmutations
 + Level 8.5 Fire Magic
 + Level 8.5 Ice Magic
 + Level 8.5 Air Magic
 + Level 8.5 Earth Magic
 + Level 8.5 Poison Magic
 + Level 11.0 Invocations
 + Level 10.1 Evocations


You had 29 spell levels left.
You knew the following spells:

 Your Spells              Type           Power      Damage    Failure   Level
a - Magic Dart            Conj           100%       1d8       2%          1
b - Blink                 Tloc           80%        N/A       3%          2
c - Mephitic Cloud        Conj/Pois/Air  39%        N/A       7%          3
d - Conjure Flame         Conj/Fire      40%        6-21      7%          3

Your spell library contained the following spells:

 Spells                   Type           Power      Damage    Failure   Level
 Necrotise                Necr           100%       1d9       2%          1
 Slow                     Hex            100%       N/A       2%          1
 Ensorcelled Hibernation  Hex/Ice        78%        N/A       3%          2
 Poisonous Vapours        Pois/Air       78%        N/A       3%          2
 Static Discharge         Conj/Air       40%        3-8/arc   3%          2
 Sublimation of Blood     Necr           39%        N/A       3%          2
 Wereblood                Tmut           39%        N/A       3%          2
 Portal Projectile        Hex/Tloc       80%        N/A       7%          3
 Spider Form              Tmut/Pois      39%        N/A       8%          3
 Vampiric Draining        Necr           39%        2d8       8%          3
 Passage of Golubria      Tloc           40%        N/A       22%         4
 Sticky Flame             Conj/Fire      40%        2d6       22%         4
 Anguish                  Hex/Necr       19%        N/A       24%         4
 Corpse Rot               Necr/Pois/Air  39%        N/A       24%         4
 Dispel Undead            Necr           39%        3d16      24%         4
 Iskenderun's Battlesphe  Conj           40%        2d9       52%         5
 Agony                    Necr           39%        N/A       56%         5
 Blade Hands              Tmut           19%        N/A       56%         5
 Silence                  Hex/Air        19%        N/A       56%         5
 Iron Shot                Conj/Erth      20%        9d5       98%         6
 Lehudib's Crystal Spear  Conj/Erth      20%        10d6      100%        8
 Call Imp                 Summ           Unusable   N/A       N/A         2
 Tukima's Dance           Hex            Unusable   N/A       N/A         3
 Spellforged Servitor     Conj/Summ      Unusable   N/A       N/A         7
 Summon Hydra             Summ           Unusable   N/A       N/A         7

Dungeon Overview and Level Annotations

Branches:
Dungeon (11/15)            Temple (0/1) D:6            Lair (5/5) D:11
  Swamp (1/4) Lair:2       Spider (0/4) Lair:2        Slime (0/5) Lair:5
    Orc (2/2) D:9             Elf (0/3) Orc:2        Bailey (visited)
Volcano (visited)

Altars:
Cheibriados
Dithmenos
Fedhas
Hepliaklqana
Kikubaaqudgha
Makhleb
Okawaru
Qazlal
Sif Muna
Vehumet
The Shining One
Jiyva
Lugonu

Shops:
D:3 *   D:5 :   D:8 [   Orc:1 *   Orc:2 ![:!

Portals:
Abyss: Lair:5

Annotations:
D:3 1 runed translucent door, Crazy Yiuf
Lair:2 exclusions: 2 orb spiders and 1 more exclusion
Lair:3 exclusion: oklob plant


Innate Abilities, Weirdness & Mutations

You have very sharp teeth.
Your uncanny sense of smell can sniff out nearby items.
Your experience applies equally to all skills.


Message History

* * * LOW HITPOINT WARNING * * *
You hit the alligator.
The alligator is lightly wounded.
The alligator closely misses you.
The alligator tail-slaps you but does no damage.
You hit the alligator.
The alligator is lightly wounded.
You hit the alligator.
The alligator is lightly wounded.
The eleionoma hits you!
* * * LOW HITPOINT WARNING * * *
The alligator misses you. You block the alligator's attack.
You hit the alligator but do no damage.
You bite the alligator, but do no damage.
The alligator is lightly wounded.
You hit the alligator.
The alligator is lightly wounded.
The eleionoma splashes around in the water.
The alligator bites you but does no damage.
The alligator tail-slaps you but does no damage.
You completely miss the alligator.
The alligator is lightly wounded.
You puncture the alligator!
The alligator is moderately wounded.
You closely miss the alligator. Your bite misses the alligator.
The alligator is moderately wounded.
The alligator bites you but does no damage.
You block the alligator's attack.
The eleionoma splashes around in the water.
You hit the alligator.
The alligator is moderately wounded.
You hit the alligator. Your bite misses the alligator.
The alligator is heavily wounded.
The alligator bites you but does no damage.
You block the alligator's attack.
You hit the alligator.
The alligator is heavily wounded.
The eleionoma hurls a spray of splinters at you.
The spray of wooden splinters hits you!!
You die...

.........♣≈≈≈≈♣§§§..§§§♣♣...#
.........♣≈≈≈≈♣§§§♣≈≈≈§§♣..##
#..###.##♣≈≈≈≈♣§♣♣♣≈§≈§§♣♣.#####
#..###..♣♣≈≈≈§§§♣♣♣≈§§♣§§♣††.#.#
P...##..♣♣≈≈≈§§.♣♣.≈§≈♣..♣....##
#..###.....≈≈..♣♣≈.§§§...♣....#
...###.....≈♣.♣♣t≈.§§§..♣♣....#
#...##.(.♣.♣♣♣♣♣tR♣§§♣..♣.....#
.........♣♣♣.♣.♣@♣♣♣♣♣♣♣♣.....#
......>.#♣♣♣...♣♣♣♣.♣..♣......#
........#..#.................##
##..###.#...#...............##
##..# #..#.##........##....##
.##.# #.##.###..............#####
.##.###..P.###..................#
.##.P#........................###
........##..######............#


You could see an eleionoma and 2 alligators.

Vanquished Creatures
  2 orc warlords
  An ettin (Orc:2)
  A fire dragon (Volcano)
  5 hydras
  3 boulder beetles
  A catoblepas (Lair:5)
  6 two-headed ogres
  6 orc high priests
  3 thrashing horrors (Lair:5)
  Nergalle (Lair:2)
  A sea snake (shapeshifter) (Lair:5)
  2 lindwurms
  4 orc knights (Orc:2)
  A deep elf pyromancer (D:11)
  5 orc sorcerers
  2 manticores (D:11)
  A black mamba (Lair:1)
  Joseph (Lair:1)
  17 cane toads
  A torpor snail (Lair:1)
  A rime drake (Lair:3)
  6 komodo dragons
  An ancient zyme (Lair:5)
  4 polar bears
  5 trolls
  2 hornets
  Grinder (D:4)
  19 blink frogs
  4 large abominations (Lair:5)
  6 dream sheep (Lair:3)
  Sigmund (D:3)
  A shadow (D:10)
  Eustachio (D:6)
  4 ynoxinuls (Lair:5)
  5 wyverns
  2 spriggans
  2 wraiths
  8 fire bats (Volcano)
  2 steam dragons
  36 yaks
  3 basilisks
  A chaos spawn (Lair:5)
  A swamp worm (Lair:2)
  2 vampire mosquitoes (D:11)
  6 wargs
  Edmund (D:4)
  12 small abominations (Lair:5)
  An acid dragon (D:9)
  A hell hound (Volcano)
  A hornet zombie (D:7)
  12 water moccasins
  Duvessa (D:4)
  51 orc warriors
  11 ogres
  5 centaurs
  3 kobold brigands
  Blork the orc (D:4)
  3 gnoll sergeants
  9 bullfrogs
  A necrophage (D:7)
  3 scorpions
  A wyvern zombie (D:7)
  A water moccasin zombie (D:7)
  A wight (D:7)
  Dowan (D:3)
  4 killer bees (D:8)
  36 orc priests
  A jelly (D:7)
  A lava snake (Orc:1)
  3 hounds
  A human zombie (D:7)
  A bullfrog zombie (D:7)
  Jessica (D:3)
  6 iguanas
  22 orc wizards
  3 killer bee zombies (D:7)
  2 howler monkey zombies (D:7)
  Robin (D:1)
  17 gnolls
  4 adders
  A shadow imp (D:7)
  4 white imps
  3 ufetubi
  2 worms (D:3)
  2 dart slugs
  97 orcs
  5 bats
  12 endoplasms
  6 giant cockroaches
  14 goblins
  10 hobgoblins
  7 jackals
  6 quokkas
  7 ball pythons
  4 frilled lizards
  15 kobolds
  12 rats
618 creatures vanquished.

Vanquished Creatures (others)
  4 bushes (D:11)
  27 fungi
  39 plants
70 creatures vanquished.

Grand Total: 688 creatures vanquished

Notes
Turn   | Place    | Note
-------+----------+-------------------------------------------
     0 | D:1      | jimonade the Gnoll Hedge Wizard began the quest for the
                  | Orb.
     0 | D:1      | Reached XP level 1. HP: 13/13 MP: 8/8
   193 | D:1      | Reached XP level 2. HP: 19/19 MP: 10/10
   684 | D:1      | Reached XP level 3. HP: 25/25 MP: 11/11
  1010 | D:2      | Noticed Robin
  1017 | D:1      | Reached skill level 1 in Invocations
  1254 | D:1      | Reached skill level 1 in Fighting
  1254 | D:1      | Reached skill level 1 in Short Blades
  1254 | D:1      | Reached skill level 1 in Long Blades
  1254 | D:1      | Reached skill level 1 in Axes
  1254 | D:1      | Reached skill level 1 in Maces & Flails
  1254 | D:1      | Reached skill level 1 in Polearms
  1254 | D:1      | Reached skill level 1 in Staves
  1254 | D:1      | Reached skill level 1 in Ranged Weapons
  1254 | D:1      | Reached skill level 1 in Throwing
  1254 | D:1      | Reached skill level 1 in Armour
  1254 | D:1      | Reached skill level 1 in Shields
  1254 | D:1      | Reached skill level 1 in Unarmed Combat
  1254 | D:1      | Reached skill level 1 in Evocations
  1262 | D:1      | Killed Robin
  1389 | D:2      | Reached XP level 4. HP: 27/32 MP: 1/13
  1633 | D:2      | Found a faded altar of an unknown god.
  2130 | D:3      | Found Gyuxai Mero's General Store.
  2223 | D:3      | Reached skill level 1 in Hexes
  2223 | D:3      | Reached skill level 1 in Necromancy
  2223 | D:3      | Reached skill level 1 in Transmutations
  2223 | D:3      | Reached skill level 1 in Fire Magic
  2223 | D:3      | Reached skill level 1 in Ice Magic
  2223 | D:3      | Reached skill level 1 in Air Magic
  2223 | D:3      | Reached skill level 1 in Earth Magic
  2223 | D:3      | Reached skill level 1 in Poison Magic
  2490 | D:3      | Noticed Jessica
  2494 | D:3      | Killed Jessica
  2495 | D:3      | Reached XP level 5. HP: 21/37 MP: 9/14
  2916 | D:3      | Upgraded the game from 0.29-a0-887-gcbe080d7e0 to
                  | 0.29-a0-892-g2c4c91d9db
  3153 | D:3      | Found a runed translucent door.
  3154 | D:3      | Noticed Crazy Yiuf
  3390 | D:3      | Noticed Sigmund
  3404 | D:3      | Killed Sigmund
  3405 | D:3      | Reached skill level 5 in Dodging
  3405 | D:3      | Reached XP level 6. HP: 40/44 MP: 5/16
  3671 | D:3      | Learned a level 2 spell: Blink
  3781 | D:4      | Noticed Blork the orc
  3796 | D:4      | Killed Blork the orc
  4298 | D:4      | Reached XP level 7. HP: 50/50 MP: 16/18
  4320 | D:4      | Found an iron altar of Okawaru.
  4320 | D:4      | Noticed Grinder
  4320 | D:4      | Noticed Duvessa
  4320 | D:4      | Noticed Dowan
  4367 | D:4      | Killed Duvessa
  4494 | D:3      | Killed Dowan
  4930 | D:4      | Found a shimmering blue altar of Sif Muna.
  4932 | D:4      | Found a radiant altar of Vehumet.
  4932 | D:4      | Found a shadowy altar of Dithmenos.
  4934 | D:4      | Became a worshipper of Warmaster Okawaru
  4966 | D:4      | Reached skill level 5 in Stealth
  5150 | D:4      | Noticed Edmund
  5209 | D:4      | Killed Grinder
  5210 | D:4      | Reached XP level 8. HP: 30/58 MP: 3/19
  5360 | D:4      | Learned a level 3 spell: Mephitic Cloud
  5625 | D:4      | Killed Edmund
  5625 | D:4      | Reached * piety under Okawaru
  5765 | D:5      | Entered Level 5 of the Dungeon
  5770 | D:5      | Learned a level 3 spell: Conjure Flame
  6283 | D:5      | Reached skill level 8 in Spellcasting
  6584 | D:5      | Found Kesuutea's Vocational Training.
  7870 | D:6      | Noticed Eustachio
  7906 | D:6      | Killed Eustachio
  8099 | D:6      | Reached XP level 9. HP: 20/65 MP: 11/21
  8933 | D:6      | Found a staircase to the Ecumenical Temple.
  9275 | D:7      | Found a hazy altar of Hepliaklqana.
 10353 | D:7      | Reached ** piety under Okawaru
 10750 | D:7      | Found an ancient bone altar of Kikubaaqudgha.
 11109 | D:7      | Reached skill level 5 in Invocations
 11900 | D:8      | Noticed a hornet
 12577 | D:8      | Reached skill level 5 in Fighting
 12577 | D:8      | Reached skill level 5 in Short Blades
 12577 | D:8      | Reached skill level 5 in Long Blades
 12577 | D:8      | Reached skill level 5 in Axes
 12577 | D:8      | Reached skill level 5 in Maces & Flails
 12577 | D:8      | Reached skill level 5 in Polearms
 12577 | D:8      | Reached skill level 5 in Staves
 12577 | D:8      | Reached skill level 5 in Ranged Weapons
 12577 | D:8      | Reached skill level 5 in Throwing
 12577 | D:8      | Reached skill level 5 in Armour
 12577 | D:8      | Reached skill level 5 in Shields
 12577 | D:8      | Reached skill level 5 in Unarmed Combat
 12577 | D:8      | Reached skill level 5 in Evocations
 12577 | D:8      | Reached XP level 10. HP: 59/74 MP: 17/22
 12831 | D:8      | Found Boygg's Armour Shoppe.
 13352 | D:9      | Found a flagged portal.
 13357 | D:9      | Identified the +5 spear "Hydrabane" {flame, Fragile rF+
                  | Str+8 Stlth+}
 13370 | Bailey   | Entered a bailey
 13685 | D:8      | Bought a +0 tower shield for 67 gold pieces
 14455 | D:9      | Reached *** piety under Okawaru
 14456 | D:9      | Reached skill level 9 in Spellcasting
 14613 | D:9      | Found a staircase to the Orcish Mines.
 14752 | D:9      | Reached skill level 5 in Conjurations
 14752 | D:9      | Reached skill level 5 in Summonings
 14752 | D:9      | Reached skill level 5 in Translocations
 15666 | D:8      | Paralysed by a hornet for 1 turns
 15719 | D:10     | Entered Level 10 of the Dungeon
 15726 | D:10     | Reached **** piety under Okawaru
 15838 | D:10     | Noticed a two-headed ogre
 15850 | D:10     | Killed a two-headed ogre
 15862 | D:10     | Noticed a two-headed ogre
 15873 | D:10     | Killed a two-headed ogre
 16151 | D:10     | Found a stormy altar of Qazlal.
 16181 | D:10     | Found a burning altar of Makhleb.
 16243 | D:10     | Found a glowing golden altar of the Shining One.
 16283 | D:10     | Noticed a two-headed ogre
 16293 | D:10     | Killed a two-headed ogre
 16293 | D:10     | Reached ***** piety under Okawaru
 16294 | D:10     | Reached skill level 5 in Hexes
 16294 | D:10     | Reached skill level 5 in Necromancy
 16294 | D:10     | Reached skill level 5 in Transmutations
 16294 | D:10     | Reached skill level 5 in Fire Magic
 16294 | D:10     | Reached skill level 5 in Ice Magic
 16294 | D:10     | Reached skill level 5 in Air Magic
 16294 | D:10     | Reached skill level 5 in Earth Magic
 16294 | D:10     | Reached skill level 5 in Poison Magic
 16294 | D:10     | Reached XP level 11. HP: 65/81 MP: 24/24
 16698 | D:10     | Received a gift from Okawaru
 17147 | D:10     | Found a blossoming altar of Fedhas.
 17168 | D:11     | Noticed a manticore
 17168 | D:11     | Noticed a deep elf pyromancer
 17221 | D:11     | Noticed a manticore
 17240 | D:11     | Killed a manticore
 17556 | D:11     | Killed a manticore
 17851 | D:11     | Noticed a two-headed ogre
 18142 | D:11     | Killed a deep elf pyromancer
 19609 | D:11     | Noticed a boulder beetle
 19712 | D:11     | Killed a boulder beetle
 20038 | D:11     | Reached skill level 10 in Spellcasting
 20582 | D:11     | Found a staircase to the Lair.
 20883 | Lair:1   | Entered Level 1 of the Lair of Beasts
 20922 | Lair:1   | Identified the +9 short sword of Lexih {spect, SInv}
                  | (Okawaru gifted it to you on level 1 of the Lair of Beasts)
 20922 | Lair:1   | Received a gift from Okawaru
 20927 | Lair:1   | Reached XP level 12. HP: 30/91 MP: 26/26
 21257 | Lair:1   | Noticed Joseph
 21275 | Lair:1   | Killed Joseph
 21384 | Lair:1   | Identified the +4 dagger "Tus Ijej" {drain, Will- Str+4
                  | Dex+4}
 22363 | Lair:2   | Found a hole to the Spider Nest.
 22492 | Lair:2   | Noticed Nergalle
 22507 | Lair:2   | Received a gift from Okawaru
 22548 | Lair:2   | Killed Nergalle
 22916 | Lair:2   | Received a gift from Okawaru
 23174 | Lair:2   | Noticed a seven-headed hydra
 23185 | Lair:2   | Killed a seven-headed hydra
 23506 | Lair:2   | Noticed a five-headed hydra
 23530 | Lair:2   | Killed a five-headed hydra
 23530 | Lair:2   | Received a gift from Okawaru
 23620 | Lair:2   | Found a staircase to the Swamp.
 24395 | Lair:3   | Reached XP level 13. HP: 94/98 MP: 27/27
 24461 | Lair:3   | Received a gift from Okawaru
 24949 | Lair:3   | Found a snail-covered altar of Cheibriados.
 25397 | Lair:4   | Reached skill level 11 in Spellcasting
 25420 | Lair:4   | Found a dark tunnel.
 25425 | Volcano  | Entered a volcano
 25513 | Volcano  | Identified the +6 fire dragon scales of Submission {rPois
                  | rF++ rC- Dex+2}
 25630 | Volcano  | Received a gift from Okawaru
 25770 | Volcano  | Noticed a fire dragon
 25810 | Volcano  | Killed a fire dragon
 26450 | Lair:4   | Received a gift from Okawaru
 27230 | Lair:4   | Received a gift from Okawaru
 27605 | Lair:5   | Entered Level 5 of the Lair of Beasts
 27646 | Lair:4   | Reached skill level 10 in Dodging
 27838 | Lair:5   | Received a gift from Okawaru
 27918 | Lair:5   | Received a gift from Okawaru
 27919 | Lair:5   | Reached skill level 10 in Stealth
 28617 | Lair:5   | Reached XP level 14. HP: 102/108 MP: 29/29
 28765 | Lair:5   | Reached skill level 10 in Invocations
 28922 | Lair:5   | Found a viscous altar of Jiyva.
 28923 | Lair:5   | Found a staircase to the Slime Pits.
 29120 | Lair:5   | Received a gift from Okawaru
 29680 | Lair:5   | Received a gift from Okawaru
 29849 | Lair:5   | Found a corrupted altar of Lugonu.
 29849 | Lair:5   | Found a one-way gate to the infinite horrors of the Abyss.
 30472 | Orc:1    | Entered Level 1 of the Orcish Mines
 30609 | Orc:1    | Received a gift from Okawaru
 30933 | Orc:1    | Found Puleasuk's Assorted Antiques.
 31194 | Orc:1    | Noticed an orc warlord
 31247 | Orc:1    | Killed an orc warlord
 32064 | Orc:2    | Entered Level 2 of the Orcish Mines
 32545 | Orc:2    | Reached skill level 12 in Spellcasting
 32934 | Orc:2    | Found a staircase to the Elven Halls.
 33055 | Orc:2    | Noticed an orc warlord
 33929 | Orc:2    | Found Puolad's Distillery.
 34082 | Orc:2    | Found Vosheu's Book Shop.
 34214 | Orc:2    | Reached skill level 10 in Fighting
 34214 | Orc:2    | Reached skill level 10 in Short Blades
 34214 | Orc:2    | Reached skill level 10 in Long Blades
 34214 | Orc:2    | Reached skill level 10 in Axes
 34214 | Orc:2    | Reached skill level 10 in Maces & Flails
 34214 | Orc:2    | Reached skill level 10 in Polearms
 34214 | Orc:2    | Reached skill level 10 in Staves
 34214 | Orc:2    | Reached skill level 10 in Ranged Weapons
 34214 | Orc:2    | Reached skill level 10 in Throwing
 34214 | Orc:2    | Reached skill level 10 in Armour
 34214 | Orc:2    | Reached skill level 10 in Shields
 34214 | Orc:2    | Reached skill level 10 in Unarmed Combat
 34214 | Orc:2    | Reached skill level 10 in Evocations
 34478 | Orc:2    | Received a gift from Okawaru
 34604 | Orc:2    | Killed an orc warlord
 35332 | Orc:2    | Found Aralyig's Armour Shop.
 35340 | Orc:2    | Reached XP level 15. HP: 92/115 MP: 31/31
 35639 | Orc:2    | Found Qousiro's Distillery.
 36504 | Swamp:1  | Entered Level 1 of the Swamp
 36591 | Lair:2   | Killed from afar by an eleionoma

Illustrated notes

Levels and vault maps discovered:
D:1:      wander_arrival_estate, layout_loops_ring
D:2:      layout_loops_ring, chequers_ecumenical_altar_simple, uniq_robin
D:3:      minmay_octagon_keep, layout_basic, serial_shops,
          nicolae_shop_waterfront, amethyst_killhole, minmay_misc_feat_enclosed,
          uniq_jessica, uniq_sigmund, uniq_crazy_yiuf_cottage
D:4:      layout_basic, grunt_temple_overflow_open, dk_noncrumbling_3,
          uniq_blork_the_orc, uniq_edmund, uniq_grinder, uniq_duvessa
D:5:      layout_loops_ring, nicolae_shop_vocational
D:6:      layout_loops_ring, temple_hall, uniq_eustachio
D:7:      layout_gridville, general_overflow_altar,
          lemuel_mausoleum_altar_kikubaaqudgha
D:8:      layout_loops_ring, serial_shops, shop, ebering_dispersal_statue_hall
D:9:      layout_stronghold, erik_orc_4, enter_bailey_2, kennysheep_dice
D:10:     layout_irregular_city, mainiacjoe_overflow_paths,
          nicolae_qazlal_general_emergency, kennysheep_mini_moat,
          mainiacjoe_overflow_concentric_impassable
D:11:     layout_cross, minmay_lair_entry_grove
Lair:1:   layout_gridlike, uniq_joseph
Lair:2:   layout_gridlike, palyth_hydra_swamp_entry,
          nicolae_spider_entry_orb_guardian, uniq_nergalle
Lair:3:   layout_chaotic_city, lemuel_oklob_altar
Lair:4:   layout_long_grid, nicolae_volcano_entry_vermiform
Lair:5:   hellmonk_lair_end_abyssal_woods, layout_small_grid,
          dpeg_slime_entry_enclosed
Swamp:1:  layout_falls_marsh, evilmike_swamp_ruin_rubble_2, uniq_donald,
          uniq_josephine
Orc:1:    layout_diamond_mine, serial_shops, nicolae_shop_trees,
          nicolae_orc_lava_tube
Orc:2:    pubby_orc_utopia

Skill      XL: |  1  2  3  4  5  6  7  8  9 10 11 12 13 14 15 |
---------------+----------------------------------------------+-----
Conjurations   | 2 3 4 5 6 7 8 |  8.8
Summonings     | 2 3 4 5 6 7 8 |  8.8
Translocations | 2 3 4 5 6 7 8 |  8.8
Invocations    | 1 2 3 4 5 6 7 8 9 10 11 | 11.0
Fighting       | 1 2 3 5 6 7 8 9 10 | 10.1
Short Blades   | 1 2 3 5 6 7 8 9 10 | 10.1
Long Blades    | 1 2 3 5 6 7 8 9 10 | 10.1
Axes           | 1 2 3 5 6 7 8 9 10 | 10.1
Maces & Flails | 1 2 3 5 6 7 8 9 10 | 10.1
Polearms       | 1 2 3 5 6 7 8 9 10 | 10.1
Staves         | 1 2 3 5 6 7 8 9 10 | 10.1
Ranged Weapons | 1 2 3 5 6 7 8 9 10 | 10.1
Throwing       | 1 2 3 5 6 7 8 9 10 | 10.1
Armour         | 1 2 3 5 6 7 8 9 10 | 10.1
Shields        | 1 2 3 5 6 7 8 9 10 | 10.1
Unarmed Combat | 1 2 3 5 6 7 8 9 10 | 10.1
Evocations     | 1 2 3 5 6 7 8 9 10 | 10.1
Hexes          | 1 2 3 4 5 6 7 8 |  8.5
Necromancy     | 1 2 3 4 5 6 7 8 |  8.5
Transmutations | 1 2 3 4 5 6 7 8 |  8.5
Fire Magic     | 1 2 3 4 5 6 7 8 |  8.5
Ice Magic      | 1 2 3 4 5 6 7 8 |  8.5
Air Magic      | 1 2 3 4 5 6 7 8 |  8.5
Earth Magic    | 1 2 3 4 5 6 7 8 |  8.5
Poison Magic   | 1 2 3 4 5 6 7 8 |  8.5
Dodging        | 5 6 7 8 9 10 11 | 11.1
Stealth        | 5 6 7 8 9 10 11 | 11.0
Spellcasting   | 8 9 10 11 12 | 12.3

Action                   |  1- 3 |  4- 6 |  7- 9 | 10-12 | 13-15 || total
-------------------------+-------+-------+-------+-------+-------++-------
Melee: Dagger            |     6 |       |       |       |       ||     6
       Bite              |     1 |       |       |   105 |   217 ||   323
       Trident           |       |       |    15 |       |    51 ||    66
       Spear             |       |       |       |   519 |       ||   519
       Short sword       |       |       |       |   242 |  1355 ||  1597
 Fire: Sling             |    52 |       |       |       |       ||    52
Throw: Dart              |       |       |       |    28 |    34 ||    62
 Cast: Magic Dart        |    56 |   158 |   549 |    45 |       ||   808
       Blink             |       |       |     1 |       |       ||     1
       Mephitic Cloud    |       |       |     9 |       |       ||     9
       Conjure Flame     |       |       |     4 |       |       ||     4
Invok: Heroism           |       |       |       |    11 |    16 ||    27
       Finesse           |       |       |       |     5 |    10 ||    15
 Abil: Evoke Invisibilit |       |       |       |       |     2 ||     2
Evoke: Wand              |       |       |       |       |     2 ||     2
       Lightning rod     |       |       |       |       |     5 ||     5
  Use: Potion            |       |       |     3 |     3 |     1 ||     7
       Scroll            |       |       |    13 |     4 |     7 ||    24
 Stab: Distracted        |       |       |       |     3 |    19 ||    22
       Invisible         |       |       |       |     1 |    11 ||    12
       Sleeping          |       |       |       |       |    11 ||    11
Armor: Robe              |    24 |     6 |    87 |    18 |       ||   135
       Animal skin       |     1 |     2 |       |       |       ||     3
       Plate armour      |       |       |       |   342 |     7 ||   349
       Fire dragon scale |       |       |       |       |   396 ||   396
       Chain mail        |       |       |       |       |    61 ||    61
Dodge: Dodged            |    61 |    20 |   182 |   142 |   311 ||   716
Block: Tower shield      |       |       |       |   541 |   874 ||  1415

Table legend: (Time is in decaauts)
 A = Elapsed time spent in this place.
 B = Non-inter-level travel time spent in this place.
 C = Inter-level travel time spent in this place.
 D = Time resting spent in this place.
 E = Time spent auto-exploring this place.
 F = Levels seen in this place.
 G = Mean time per level.
                   A        B        C        D        E       F      G
               +--------+--------+--------+--------+--------+-----+--------+
         Total |  36318 |  34915 |   1403 |   9671 |  17442 |  21 | 1729.4 |
       Dungeon |  21756 |  20917 |    839 |   7852 |   9148 |  11 | 1977.8 |
          Lair |   8445 |   8068 |    377 |   1065 |   5260 |   5 | 1689.0 |
         Swamp |     23 |     23 |      0 |      0 |      0 |   1 |   23.0 |
  Orcish Mines |   5287 |   5101 |    186 |    526 |   2781 |   2 | 2643.5 |
        Bailey |     75 |     75 |      0 |      0 |      0 |   1 |   75.0 |
       Volcano |    729 |    729 |      0 |    228 |    253 |   1 |  729.0 |
               +--------+--------+--------+--------+--------+-----+--------+

Top non-repeatable levels by time:
   Orc:2: 4036 daAuts
    D:10: 3063 daAuts
     D:9: 2690 daAuts
     D:7: 2534 daAuts
     D:3: 2314 daAuts
  Lair:5: 2229 daAuts
    D:11: 2118 daAuts
  Lair:4: 1908 daAuts
  Lair:2: 1865 daAuts
     D:8: 1819 daAuts
     D:5: 1780 daAuts
     D:6: 1778 daAuts
     D:4: 1511 daAuts
  Lair:3: 1295 daAuts
   Orc:1: 1250 daAuts
